 Dungeon Crawl Stone Soup version 0.20-a0-869-gcf33cab (webtiles) character file.

274 HereIgoKillingAgain the Skirmisher (level 6, -5/68 HPs)
             Began as an Ogre Monk on Mar 13, 2017.
             Slain by mora's ghost (17 damage)
             ... on level 3 of the Dungeon.
             The game lasted 00:03:44 (2541 turns).

HereIgoKillingAgain the Skirmisher (Ogre Monk)      Turns: 2541, Time: 00:03:44

Health: -5/68      AC:  3    Str: 18    XL:     6   Next: 24%
Magic:  6/6        EV: 11    Int: 11    God:
Gold:   80         SH:  0    Dex: 11    Spells: 5/5 levels left

rFire    . . .     SeeInvis .   o - +4 dagger (elec)
rCold    . . .     Gourm    .   a - +0 robe
rNeg     . . .     Faith    .   (no shield)
rPois    .         Spirit   .   (helmet restricted)
rElec    .         Reflect  .   (no cloak)
rCorr    .         Harm     .   (gloves unavailable)
MR       .....                  (boots unavailable)
Stlth    ++........             (no amulet)
Regen    0.3/turn               (no ring)
MPRegen  0.1/turn               f - ring of flight

@: no status effects
A: unfitting armour, tough skin 1
a: Evoke Flight


You were on level 3 of the Dungeon.
You were very hungry.

You visited 1 branch of the dungeon, and saw 3 of its levels.

You collected 80 gold pieces.

Inventory:

Hand Weapons
 o - a +4 dagger of electrocution (weapon)
Armour
 a - a +0 robe (worn)
Jewellery
 f - a ring of flight (left hand)
 g - a cursed ring of teleportation
Scrolls
 j - a scroll of teleportation {unknown}
 k - 2 scrolls of noise {unknown}
 l - a scroll of random uselessness {unknown}
Potions
 d - a potion of curing {unknown}
 e - 2 potions of ambrosia {unknown}
 m - a potion of might {unknown}
Comestibles
 b - a bread ration
 c - 2 meat rations
 i - 2 royal jellies


   Skills:
 * Level 6.9 Fighting
 + Level 3.8 Dodging
 - Level 1.4 Stealth
 + Level 3.8 Unarmed Combat


You had 5 spell levels left.
You didn't know any spells.

Dungeon Overview and Level Annotations

Branches:
Dungeon (3/15)

Altars:

Annotations:
D:3 mora's ghost, amateur TrCK


Innate Abilities, Weirdness & Mutations

You are too large for most types of armour.
You have tough skin. (AC +1)


Message History

You are too injured to fight recklessly!
You are too injured to fight recklessly!
You are too injured to fight recklessly!
You are too injured to fight recklessly!
You are too injured to fight recklessly!
You are too injured to fight recklessly!
You are too injured to fight recklessly!
You hit mora's ghost but do no damage. Lightning courses through mora's ghost!
Mora's ghost is moderately damaged.
Mora's ghost hits you.
You barely miss mora's ghost.
Mora's ghost is moderately damaged.
Mora's ghost hits you!!
* * * LOW HITPOINT WARNING * * *
Okay, then.
It was a potion of heal wounds.
You feel much better. Mora's ghost hits you!
* * * LOW HITPOINT WARNING * * *
There is an escape hatch in the ceiling here.
Mora's ghost hits you!
You die...

.....####..........# #.# #.#
...)...............#######.####.#
####.####.######.................
#.# #.# #..>########.###..
#.####.# #...## #....... #..<##.#
#....# #..###.. ###.##.# #....#
#..# #.. #.##.# #....######..#
#.. #)# .# #@...........# #.. #.#
#W#..#####...####. #.#
#.#.............## #.#
#.##.####..#...... #.. #.##.#
#..####.## #.. #.##.# #..# #.#.
#..###### #.##.# #..####.#.
.........##.##.. ..........
.##..!..#.#### ##..####.##


You could see mora's ghost.

Vanquished Creatures
  Sigmund (D:2)
  3 adders
  A gnoll (D:2)
  An ooze (D:3)
  2 worms (D:2)
  2 dart slugs (D:1)
  3 leopard geckos (D:1)
  4 goblins
  9 hobgoblins
  4 jackals (D:2)
  14 kobolds
  8 bats
  4 frilled lizards
  8 rats
64 creatures vanquished.

Notes
Turn   | Place    | Note
-------+----------+-------------------------------------------
     0 | D:1      | HereIgoKillingAgain the Ogre Monk began the quest for the Orb.
     0 | D:1      | Reached XP level 1. HP: 24/24 MP: 1/1
   236 | D:1      | Reached XP level 2. HP: 29/32 MP: 2/2
   774 | D:1      | Reached XP level 3. HP: 31/40 MP: 3/3
  1215 | D:2      | Noticed Sigmund
  1225 | D:2      | Killed Sigmund
  1225 | D:2      | Reached skill level 6 in Fighting
  1225 | D:2      | Reached XP level 4. HP: 39/53 MP: 4/4
  1225 | D:2      | Reached XP level 5. HP: 45/61 MP: 5/5
  1870 | D:2      | Reached XP level 6. HP: 49/68 MP: 6/6
  2519 | D:3      | Noticed mora's ghost (amateur TrCK)
  2541 | D:3      | Slain by mora's ghost

Vault maps used:
D:1:      saegor_arrival_simple_d
D:2:      uniq_sigmund
D:3:      ashenzari_altar_1, minmay_goblin_kobold_house

Skill      XL: |  1  2  3 |
---------------+----------+-----
Dodging        | 3 |  3.8
Unarmed Combat | 3 |  3.8
Fighting       | 6 |  6.9
Stealth        | |  1.4

Action                   |  1- 3 |  4- 6 || total
-------------------------+-------+-------++-------
Melee: Unarmed           |   123 |   123 ||   246
       Dagger            |       |    32 ||    32
       Punch             |       |     2 ||     2
  Use: Scroll            |     3 |     7 ||    10
       Potion            |     1 |     1 ||     2
 Stab: Sleeping          |     2 |     4 ||     6
  Eat: Chunk             |     1 |     3 ||     4
Armor: Robe              |    29 |    34 ||    63
       Skin              |     8 |     2 ||    10
Dodge: Dodged            |    60 |    85 ||   145
